 Dungeon Crawl Stone Soup version 0.28.0-47-ge53b351184 (webtiles) character file.

Game seed: 12000492652081916504

46 Mattiprrivan the Bolt Thrower (level 3, -3/22 HPs)
             Began as a Kobold Hunter on Apr 29, 2022.
             Was a Follower of Dithmenos.
             Slain by a gnoll
             ... wielding a +0 vorpal spear
              (5 damage)
             ... on level 2 of the Dungeon.
             The game lasted 00:05:43 (974 turns).

Mattiprrivan the Bolt Thrower (Kobold Hunter)        Turns: 974, Time: 00:05:44

Health: -3/22      AC:  3    Str:  6 (9)  XL:     3   Next: 95%
Magic:  3/3        EV: 14    Int:  7 (10) God:    Dithmenos [*.....]
Gold:   58         SH:  0    Dex: 17      Spells: 2/2 levels left

rFire   . . .      SeeInvis .   a - +1 hand crossbow
rCold   . . .      Faith    .   (no shield)
rNeg    . . .      Spirit   .   c - +0 leather armour
rPois   .          Reflect  .   (no helmet)
rElec   .          Harm     .   (no cloak)
rCorr   .          Rampage  .   (no gloves)
Will    .....                   (no boots)
Stlth   +++.......              (no amulet)
HPRegen 0.07/turn               (no ring)
MPRegen 0.08/turn               (no ring)

@: wreathed by umbra
A: small, no large weapons, nightstalker 3, dopey 1
a: Renounce Religion


You were on level 2 of the Dungeon.
You worshipped Dithmenos.
Dithmenos was aware of your devotion.
You visited 1 branch of the dungeon, and saw 2 of its levels.

You collected 58 gold pieces.

Inventory:

Hand Weapons
 a - a +1 hand crossbow (weapon)
 b - a +0 short sword
Missiles
 d - 4 bolts (quivered ammo)
Armour
 c - a +0 leather armour (worn)


   Skills:
 * Level 2.3 Fighting
 * Level 0.5 Short Blades
 * Level 5.7 Crossbows
 * Level 0.4 Armour
 * Level 2.6 Dodging
 * Level 2.0 Stealth
 * Level 0.6 Invocations


You had 2 spell levels left.
You didn't know any spells.
Your spell library contained the following spells:

 Spells                   Type           Power      Damage    Failure   Level
 Dazzling Flash           Conj/Hex       0%         N/A       91%         3
 Agony                    Necr           0%         N/A       100%        5
 Silence                  Hex/Air        0%         N/A       100%        5


Dungeon Overview and Level Annotations

Branches:
Dungeon (2/15)

Altars:
Dithmenos


Innate Abilities, Weirdness & Mutations

You are small and have problems with some larger weapons.
You are completely attuned to the shadows.
You are dopey. (Int -2)


Message History

The bolt hits the gnoll.
The gnoll is heavily wounded.
You hear a shout! x2
You shoot a bolt. The bolt closely misses the gnoll.
The gnoll hits you with a +0 club. The gnoll barely misses you.
The gnoll closely misses you.
You shoot a bolt. The bolt hits the gnoll.
You kill the gnoll!
Dithmenos accepts your kill.
You feel your dexterity returning.
Your Stealth skill increases to level 2!
You shoot a bolt. The bolt hits the gnoll.
The gnoll is moderately wounded.
You shoot a bolt. The bolt hits the gnoll.
The gnoll is heavily wounded.
A gnoll comes into view. It is wielding a +0 spear.
The gnoll closely misses you.
You shoot a bolt. The bolt hits the gnoll.
The gnoll is severely wounded.
The gnoll hits you from afar with a +0 vorpal spear.
The gnoll closely misses you.
You shoot a bolt. The bolt barely misses the gnoll.
The gnoll closely misses you. The gnoll hits you with a +0 whip!
* * * LOW HITPOINT WARNING * * *
You are too injured to fight recklessly!
Fire: 6 bolts
Press: ? - help, Q - select action Shift-Dir - straight line, f/p - gnoll
Aim: a gnoll, wielding a +0 whip (severely wounded, umbra, 70% to hit)
You shoot a bolt. The bolt barely misses the gnoll.
The gnoll completely misses you. The gnoll closely misses you.
The gnoll hits you from afar with a +0 vorpal spear.
* * * LOW HITPOINT WARNING * * *
x2 Fire: 5 bolts
Press: ? - help, Q - select action Shift-Dir - straight line, f/p - gnoll
Aim: a gnoll, wielding a +0 whip (severely wounded, umbra, 70% to hit)
You shoot a bolt. The bolt hits the gnoll!
You kill the gnoll!
Dithmenos accepts your kill.
The gnoll hits you from afar with a +0 vorpal spear.
You die...

### #.####
#.)gg. #@#
#####.# #...#.#
#########.#.#.#
#.........#...#
#.#############
#.# #.# #.#


You could see 2 gnolls.

Vanquished Creatures
  2 gnolls (D:2)
  A worm (D:2)
  A dart slug (D:1)
  2 endoplasms (D:1)
  3 giant cockroaches
  6 goblins (D:1)
  A hobgoblin (D:1)
  2 kobolds (D:1)
  A quokka (D:1)
  3 ball pythons
  2 bats (D:1)
  A frilled lizard (D:1)
  6 rats (D:1)
31 creatures vanquished.

Notes
Turn   | Place    | Note
-------+----------+-------------------------------------------
     0 | D:1      | Mattiprrivan the Kobold Hunter began the quest for the Orb.
     0 | D:1      | Reached XP level 1. HP: 12/12 MP: 1/1
    42 | D:1      | Reached skill level 5 in Crossbows
    84 | D:1      | Reached XP level 2. HP: 17/17 MP: 2/2
   286 | D:1      | Found a faded altar of an unknown god.
   301 | D:1      | Prayed at the altar of an unknown god.
   301 | D:1      | Became a worshipper of Dithmenos the Shadowed
   301 | D:1      | Reached * piety under Dithmenos
   467 | D:1      | Reached XP level 3. HP: 21/21 MP: 3/3
   956 | D:2      | Gained mutation: You are dopey. (Int -2) [potion of
                  | mutation]
   973 | D:2      | HP: 1/22 [gnoll/+0 vorpal spear (1)]
   974 | D:2      | Slain by a gnoll

Illustrated notes

Levels and vault maps discovered:
D:1:      beargit_arrival_greenhouse, layout_basic,
          hellmonk_ecumenical_altar_run_dry
D:2:      layout_basic, basic_altar, pf_guarded_unrand_woodcutter

Skill      XL: |  1  2  3 |
---------------+----------+-----
Crossbows      | 5 |  5.7
Stealth        | 2 |  2.0
Fighting       | |  2.3
Short Blades   | |  0.5
Armour         | |  0.4
Dodging        | |  2.6
Invocations    | |  0.6

Action                   || total
-------------------------++-------
 Fire: Hand crossbow     ||    65
  Use: Scroll            ||     1
       Potion            ||     3
Armor: Leather armour    ||     1
Dodge: Dodged            ||    15
